 Dungeon Crawl Stone Soup version 0.29-a0-82-g837932c90e (webtiles) character file.

Game seed: 5921324624325880666

4765 Zonian the Nimble (level 10, -2/70 HPs)
             Began as a Djinni Ice Elementalist on Feb 4, 2022.
             Was an Elder of Qazlal.
             Shot with an arrow by a centaur warrior (20 damage)
             ... on level 9 of the Dungeon.
             The game lasted 00:41:31 (15391 turns).

Zonian the Nimble (Djinni Ice Elementalist)        Turns: 15391, Time: 00:41:39

Health: -2/70      AC: 14    Str:  7    XL:     10   Next: 75%
Gold:   130        EV: 15    Int: 24    God:    Qazlal [****..] SH:  5 Dex: 10

rFire   + + .      SeeInvis +   C - +9 spear "Ogre's Foe" {vorpal, +Blink Int+4 Dex-5 SInv}
rCold   . . .      Faith    .   p - orb {light}
rNeg    . . .      Spirit   .   o - +2 robe {rC+}
rPois   ∞          Reflect  .   c - +0 helmet
rElec   .          Harm     .   m - +0 cloak
rCorr   .          Rampage  .   (no gloves)
Will    +....                   (boots unavailable)
Stlth   +.........              u - amulet of the acrobat
HPRegen 0.21/turn               j - ring of wizardry
MPRegen 0.00/turn               (no ring)

@: ice-armoured, about to teleport, flying, glowing, repel missiles
A: sickness immunity, fire resistance 2, cold vulnerability 1, float, innate
caster, HP casting, extra vitality 1
a: Renounce Religion, Evoke Blink, Upheaval, Elemental Force


You were on level 9 of the Dungeon.
You worshipped Qazlal.
Qazlal was greatly pleased with you.
You visited 1 branch of the dungeon, and saw 9 of its levels.

You collected 498 gold pieces.
You spent 368 gold pieces at shops.

Inventory:

Hand Weapons
 d - a +0 dagger of protection
 k - a +2 dagger of venom
 q - the +5 falchion "Ihumuot" {vorpal, Fragile rPois SInv}
   (You bought it in a shop on level 1 of the Dungeon)

   It inflicts extra damage upon your enemies.
   rPois:     It protects you from poison.
   SInv:      It lets you see invisible.
   Fragile:   It will be destroyed if unequipped.
 v - a +2 short sword of electrocution
 x - a +4 trident
 y - a +2 flail of venom
 z - a +2 war axe
 C - the +9 spear "Ogre's Foe" (weapon) {vorpal, +Blink Int+4 Dex-5 SInv}
   (You bought it in a shop on level 1 of the Dungeon)

   It inflicts extra damage upon your enemies.
   Int:       It affects your intelligence (+4).
   Dex:       It affects your dexterity (-5).
   SInv:      It lets you see invisible.
   +Blink:    It lets you blink.
Missiles
 b - 220 stones
 h - 70 sling bullets
 t - 5 javelins
Armour
 a - a +0 robe
 c - a +0 helmet (worn)
 e - a +0 helmet
 i - a +2 robe of willpower
 m - a +0 cloak (worn)
 o - a +2 robe of cold resistance (worn)
 p - an orb of light (worn)
 B - a +0 buckler
Jewellery
 j - a ring of wizardry (left hand)
 u - an amulet of the acrobat (around neck)
 w - a ring of fire
Wands
 A - a wand of flame (5)
Scrolls
 f - 3 scrolls of fog
Potions
 g - 2 potions of brilliance {unknown}
 l - a potion of berserk rage
 n - a potion of heal wounds {unknown}
 r - a potion of might {unknown}
 D - a potion of mutation {unknown}
 E - 2 potions of curing


   Skills:
 - Level 5.0 Fighting
 + Level 2.9 Polearms
 + Level 10.0 Dodging
 - Level 2.1 Stealth
 + Level 7.5 Spellcasting
 - Level 5.0 Invocations


You had 4 spell levels left.
You knew the following spells:

 Your Spells              Type           Power      Damage    Failure   Level
a - Freeze                Ice            100%       1d11      1%          1
b - Frozen Ramparts       Ice            90%        1d11      1%          3
c - Ozocubu's Armour      Ice            45%        N/A       1%          3
d - Hailstorm             Conj/Ice       45%        3d10      1%          4
e - Sandblast             Erth           90%        2d19      1%          1
f - Static Discharge      Conj/Air       45%        N/A       1%          2
g - Searing Ray           Conj           90%        2d7       1%          2
h - Flame Wave            Conj/Fire      45%        2d10      1%          4
Your spell library was empty.

Dungeon Overview and Level Annotations

Branches:
Dungeon (9/15)             Temple (0/1) D:6             Orc (0/2) D:9
   Lair: D:8-11

Altars:
Fedhas
Hepliaklqana
Okawaru
Qazlal
Ru
Sif Muna
Uskayaw
Vehumet
Xom
Zin

Shops:
D:1 (   D:9 (

Annotations:
D:8 2 transporters


Innate Abilities, Weirdness & Mutations

You are immune to sickness and miasma.
You are immune to poison.
Your flesh is very heat resistant. (rF++)
You are vulnerable to cold. (rC-)
You float through the air rather than walking.
You learn spells naturally, not from books.
Your magical power is your life essence.
You have superior vitality. (+4 MHP)


Message History

You hear an angry buzzing noise. x3; You hear a shout! x2
You hit the kobold brigand.
You kill the kobold brigand!
Qazlal accepts your kill. The howler monkey closely misses you.
Unknown command.
You puncture the howler monkey!
The howler monkey is heavily wounded.
The howler monkey hoots and howls with incredible vigour!
You hear an angry buzzing noise.
Unknown command.
You closely miss the kobold. The howler monkey closely misses you.
You block the kobold's attack.
Unknown command.
You puncture the kobold!
You kill the kobold!
Qazlal accepts your kill. The howler monkey misses you.
The kobold throws a poisoned dart.
The poisoned dart is repelled.
The poisoned dart closely misses the howler monkey.
Unknown command.
You puncture the howler monkey!
You kill the howler monkey!
Qazlal accepts your kill.
The kobold throws a poisoned dart.
You block the poisoned dart.
A centaur warrior comes into view.
Unknown command.
Okay, then.
Okay, then.
As you read the scroll of teleportation, it crumbles to dust.
You feel strangely unstable.
The centaur warrior wields a +0 shortbow.
The centaur warrior shoots an arrow.
The arrow barely misses you.
Aiming: Throw Flame
Press: ? - help, Shift-Dir - straight line, f - centaur warrior
Aim: a centaur warrior, wielding a +0 shortbow and quivering arrows (77% to hit)
The puff of flame hits the centaur warrior.
The centaur warrior is lightly wounded.
The centaur warrior shoots an arrow.
The arrow hits you!!
You die...

.#'##########..........#
.......................#
o
...................)...#
∩.
..........#######......#
......o....c.# ......#
>...######'#)# ......#
..$..o.....#)# .......
..$..[.....#†# ......#
...........#@#
$..........#K#
....####+###K# ...
.......K)...o.. ..
.......).......
...............
...............
...............
..............#


You could see a centaur warrior and 3 kobolds.

Vanquished Creatures
  Eustachio (D:4)
  A wyvern (D:8)
  2 steam dragons
  Grum (D:8)
  Edmund (D:5)
  2 water moccasins
  4 orc warriors
  4 ice beasts (D:6)
  2 sky beasts
  4 ogres
  A black bear (D:5)
  2 wolves (D:8)
  3 centaurs
  2 kobold brigands (D:9)
  2 bullfrogs (D:7)
  A wyvern zombie (D:7)
  2 scorpions (D:5)
  A wyvern skeleton (D:6)
  7 wights
  5 killer bees (D:9)
  2 howler monkeys (D:9)
  2 centaur zombies
  2 bullfrog zombies
  2 hounds
  A jelly (D:7)
  A centaur skeleton (D:7)
  An orc priest (D:8)
  Crazy Yiuf (D:2)
  A gnoll shaman (D:4)
  3 iguanas
  Terence (D:2)
  7 orc wizards
  A killer bee zombie (D:7)
  Robin (D:4)
  15 gnolls
  5 adders
  3 worms
  4 dart slugs
  19 orcs
  5 bats
  4 endoplasms
  2 giant cockroaches (D:4)
  8 hobgoblins
  17 kobolds
  3 quokkas
  A ball python (D:2)
  4 frilled lizards
  18 goblins
  6 rats
188 creatures vanquished.

Vanquished Creatures (others)
  3 plants (D:1)
  6 withered plants (D:1)
9 creatures vanquished.

Grand Total: 197 creatures vanquished

Notes
Turn   | Place    | Note
-------+----------+-------------------------------------------
     0 | D:1      | Zonian the Djinni Ice Elementalist began the quest for the
                  | Orb.
     0 | D:1      | Reached XP level 1. HP: 15/15 MP: 0/0
   443 | D:1      | Reached XP level 2. HP: 5/21 MP: 0/0
  1201 | D:1      | Reached XP level 3. HP: 16/25 MP: 0/0
  1201 | D:1      | Learned a level 1 spell: Sandblast
  1374 | D:1      | Found a faded altar of an unknown god.
  1388 | D:1      | Prayed at the altar of an unknown god.
  1388 | D:1      | Became a worshipper of Qazlal Stormbringer
  1388 | D:1      | Reached * piety under Qazlal
  1496 | D:1      | Found Beixtekh's Antique Weapon Shop.
  1792 | D:2      | Noticed Terence
  2365 | D:2      | Reached skill level 3 in Dodging
  3664 | D:2      | Reached XP level 4. HP: 30/31 MP: 0/0
  3700 | D:2      | Found a runed translucent door.
  3701 | D:2      | Noticed Crazy Yiuf
  3711 | D:2      | Killed Crazy Yiuf
  4320 | D:2      | Reached skill level 1 in Fighting
  4363 | D:2      | Killed Terence
  4364 | D:2      | Reached XP level 5. HP: 19/37 MP: 0/0
  4364 | D:2      | Learned a level 2 spell: Static Discharge
  5994 | D:4      | Noticed Eustachio
  6005 | D:4      | Killed Eustachio
  6006 | D:4      | Reached skill level 4 in Dodging
  6006 | D:4      | Reached XP level 6. HP: 37/45 MP: 0/0
  6811 | D:3      | Reached XP level 7. HP: 35/50 MP: 0/0
  6811 | D:3      | Learned a level 2 spell: Searing Ray
  6812 | D:3      | Reached ** piety under Qazlal
  7483 | D:4      | Found a hide-covered altar of Uskayaw.
  7576 | D:4      | Noticed Robin
  7593 | D:4      | Killed Robin
  7852 | D:4      | Reached skill level 5 in Dodging
  8400 | D:4      | You are sucked into a shaft and drop 2 floors!
  8536 | D:5      | Entered Level 5 of the Dungeon
  8554 | D:5      | Reached skill level 5 in Spellcasting
  8554 | D:5      | Reached XP level 8. HP: 37/58 MP: 0/0
  8696 | D:5      | Reached skill level 6 in Dodging
  8951 | D:5      | Noticed Edmund
  8965 | D:5      | Killed Edmund
  8966 | D:5      | Reached skill level 5 in Fighting
  9405 | D:1      | Bought a jewelled falchion for 184 gold pieces
  9405 | D:1      | Identified the +5 falchion "Ihumuot" {vorpal, Fragile rPois
                  | SInv} (You bought it in a shop on level 1 of the Dungeon)
  9492 | D:5      | Found a glowing silver altar of Zin.
  9537 | D:5      | Reached skill level 7 in Dodging
  9669 | D:5      | Reached skill level 1 in Invocations
  9669 | D:5      | Reached XP level 9. HP: 38/65 MP: 0/0
  9669 | D:5      | Learned a level 4 spell: Flame Wave
 10167 | D:6      | Reached *** piety under Qazlal
 10768 | D:6      | Reached skill level 8 in Dodging
 11226 | D:6      | Found a staircase to the Ecumenical Temple.
 12241 | D:7      | Found a sacrificial altar of Ru.
 12422 | D:7      | Reached XP level 10. HP: 65/70 MP: 0/0
 12643 | D:7      | Found an iron altar of Okawaru.
 12977 | D:1      | Bought a steaming spear for 184 gold pieces
 12977 | D:1      | Identified the +9 spear "Ogre's Foe" {vorpal, +Blink Int+4
                  | Dex-5 SInv} (You bought it in a shop on level 1 of the
                  | Dungeon)
 13142 | D:7      | Reached skill level 9 in Dodging
 13142 | D:7      | Reached skill level 5 in Invocations
 13172 | D:8      | Found a transporter.
 13362 | D:7      | Found a shimmering altar of Xom.
 13726 | D:8      | Reached skill level 1 in Polearms
 14195 | D:8      | Noticed Grum
 14207 | D:8      | Killed Grum
 14786 | D:8      | Found a transporter.
 14981 | D:8      | Found a blossoming altar of Fedhas.
 15020 | D:8      | Found a hazy altar of Hepliaklqana.
 15340 | D:9      | Found a staircase to the Orcish Mines.
 15340 | D:9      | Found Loomeziu's Weapon Shop.
 15381 | D:9      | Reached **** piety under Qazlal
 15383 | D:9      | Reached skill level 10 in Dodging
 15389 | D:9      | Noticed a centaur warrior
 15391 | D:9      | Shot with an arrow by a centaur warrior

Illustrated notes

Levels and vault maps discovered:
D:1:      grunt_arrival_crossed_arrows, layout_loops_ring, serial_shops,
          nicolae_shop_crystal, shapermc_ecumenical_altar_flowoftime
D:2:      minmay_alternating_diamond, layout_basic, uniq_terence,
          uniq_crazy_yiuf_cottage
D:3:      layout_rooms, led_sif_book
D:4:      layout_loops_ring, mainiacjoe_overflow_alcove_4, uniq_eustachio,
          uniq_robin
D:5:      layout_loops_cross, old_standard_altar, grunt_decor_cap, uniq_edmund
D:6:      layout_rooms, temple_doors_e
D:7:      layout_rooms, mainiacjoe_overflow_cross_hatched, lemuel_crystal_altar,
          nicolae_overflow_hidden_temple
D:8:      gammafunk_steamed_eel, layout_cave_pools, fedhas_altar_4,
          nzn_hepliaklqana_mist_gate, uniq_grum
D:9:      layout_irregular_city, chequers_temple_overflow_statue_of_worship,
          david_lair_shrubbed, orc_david_3, nicolae_take_the_stairs

Skill      XL: |  1  2  3  4  5  6  7  8  9 10 |
---------------+-------------------------------+-----
Stealth        | 2 |  2.1
Dodging        | 3 4 5 7 8 10 | 10.0
Fighting       | 1 2 3 4 5 |  5.0
Spellcasting   | 4 5 6 7 |  7.5
Invocations    | 1 4 5 |  5.0
Polearms       | 2 |  2.9

Action                   |  1- 3 |  4- 6 |  7- 9 | 10-12 || total
-------------------------+-------+-------+-------+-------++-------
Melee: Unarmed           |     1 |       |       |       ||     1
       Dagger            |    81 |    60 |   162 |       ||   303
       Punch             |     1 |     2 |       |       ||     3
       Short sword       |       |       |    14 |     4 ||    18
       Spear             |       |       |       |    32 ||    32
Throw: Javelin           |       |       |       |     1 ||     1
 Cast: Freeze            |    41 |     4 |     6 |       ||    51
       Sandblast         |    10 |    20 |    42 |     2 ||    74
       Ozocubu's Armour  |       |     1 |     5 |     2 ||     8
       Frozen Ramparts   |       |       |    11 |     2 ||    13
       Searing Ray       |       |       |    10 |    25 ||    35
       Flame Wave        |       |       |     6 |       ||     6
       Static Discharge  |       |       |     1 |       ||     1
       Hailstorm         |       |       |       |     2 ||     2
Evoke: Wand              |       |       |       |     3 ||     3
  Use: Scroll            |     3 |     5 |     9 |     2 ||    19
       Potion            |     1 |       |       |       ||     1
Armor: Robe              |    22 |    16 |    28 |    10 ||    76
Dodge: Dodged            |    53 |    41 |   145 |    61 ||   300
       Repelled          |       |       |       |     1 ||     1
Block: Other             |     1 |     3 |       |       ||     4
       Orb               |       |       |    20 |    13 ||    33

Table legend: (Time is in decaauts)
 A = Elapsed time spent in this place.
 B = Non-inter-level travel time spent in this place.
 C = Inter-level travel time spent in this place.
 D = Time resting spent in this place.
 E = Time spent auto-exploring this place.
 F = Levels seen in this place.
 G = Mean time per level.
                   A        B        C        D        E       F      G
               +--------+--------+--------+--------+--------+-----+--------+
         Total |  15415 |  14412 |   1003 |   7214 |   4549 |   9 | 1712.8 |
       Dungeon |  15415 |  14412 |   1003 |   7214 |   4549 |   9 | 1712.8 |
               +--------+--------+--------+--------+--------+-----+--------+

Top non-repeatable levels by time:
     D:2: 3675 daAuts
     D:1: 2140 daAuts
     D:7: 1905 daAuts
     D:6: 1857 daAuts
     D:4: 1487 daAuts
     D:3: 1460 daAuts
     D:5: 1460 daAuts
     D:8: 1153 daAuts
     D:9: 274 daAuts
